 Dungeon Sprint DCSS version 0.25-a0-2-g6559c6c (webtiles) character file.

Game seed: 15411135623408210012, levelgen mode: deterministic

244882 schets the Force of Nature (level 19, 0/189 HPs)
             Began as a Demonspawn Monk on Oct 15, 2019.
             Was the Champion of Fedhas.
             Killed by divine providence
             ... invoked by a daeva
              (12 damage)
             ... in the Dungeon (Sprint VII: "The Pits").
             The game lasted 00:48:14 (15597 turns).

schets the Force of Nature (Demonspawn Monk)       Turns: 15597, Time: 00:48:14

Health: 0/189      AC: 39    Str: 21    XL:     19   Next: 16%
Magic:  36/36      EV: 26    Int:  9    God:    Fedhas [******]
Gold:   189        SH:  0    Dex: 27    Spells: 18/18 levels left

rFire    + + .     SeeInvis .     - Unarmed
rCold    + + +     Gourm    .   F - +0 large shield {rC+}
rNeg     + + +     Faith    .   G - +8 gold dragon scales
rPois    +         Spirit   .   J - +2 helmet
rElec    +         Reflect  +   C - scarf {repulsion}
rCorr    .         Harm     .   (no gloves)
MR       ++...     NoTele   +   (no boots)
Stlth    ..........             z - amulet "Qubliol" {Reflect Str-2 Dex+6 SH+5}
HPRegen  0.41/turn              r - ring of Goum Zoq {Ice rElec rN+++ Str-2 Int-5}
MPRegen  0.25/turn              D - ring of the Past {rF+ rC+ MR+ Str+6 Int+2}

@: confused, agile, glowing, repel missiles
A: claws 2, molten scales 2, fire resistance 1, ignite blood, powered by pain 3,
flame cloud immunity, subdued magic 1
}: 1/3 runes: silver
a: Wall of Briars, Grow Ballistomycete, Overgrow, Grow Oklob, Renounce Religion


You were in the Dungeon.
You worshipped Fedhas.
Fedhas was exalted by your worship.
You were near starving.

You visited 1 branch You collected 189 gold pieces.

Inventory:

Missiles
 m - 76 stones (quivered)
 p - 3 javelins
Armour
 C - a scarf of repulsion (worn)
 F - a +0 large shield of cold resistance (worn)
 G - +8 gold dragon scales (worn)
 J - a +2 helmet (worn)
Jewellery
 a - the amulet of Guazung {Spirit rPois Str+7 Int-5 SInv}
   (You found it in the Dungeon)

   [amulet of guardian spirit]

   It causes incoming damage to be split between your health and magic.
   It affects your strength (+7).
   It affects your intelligence (-5).
   It protects you from poison.
   It lets you see invisible.
 k - the ring "Ogass" {Dex-3 Slay+5 Stlth+}
   (You found it in the Dungeon)

   [ring of stealth]

   It affects your dexterity (-3).
   It affects your accuracy and damage with ranged weapons and melee attacks
   (+5).
   It makes you more stealthy.
 l - the ring "Gaukiacia" {rC+ Slay+5}
   (You found it in the Dungeon)

   [ring of slaying]

   It affects your accuracy and damage with ranged weapons and melee attacks
   (+5).
   It protects you from cold.
 o - an uncursed ring of flight
 r - the ring of Goum Zoq (left claw) {Ice rElec rN+++ Str-2 Int-5}
   (You found it in the Dungeon)

   [ring of ice]

   It enhances your ice magic.
   It affects your strength (-2).
   It affects your intelligence (-5).
   It makes you vulnerable to fire.
   It protects you from cold.
   It insulates you from electricity.
   It renders you almost immune to negative energy.
 z - the amulet "Qubliol" (around neck) {Reflect Str-2 Dex+6 SH+5}
   (You found it in the Dungeon)

   [amulet of reflection]

   It shields you and reflects attacks.
   It affects your strength (-2).
   It affects your dexterity (+6).
   It affects your SH (+5).
 D - the ring of the Past (right claw) {rF+ rC+ MR+ Str+6 Int+2}
   (You found it in the Dungeon)

   [ring of strength]

   It affects your strength (+6).
   It affects your intelligence (+2).
   It protects you from fire.
   It protects you from cold.
   It affects your resistance to hostile enchantments.
 K - the ring "Coxa" {+Inv MR+ Str-3 Dex+6}
   (You found it in the Dungeon)

   [ring of dexterity]

   It affects your strength (-3).
   It affects your dexterity (+6).
   It affects your resistance to hostile enchantments.
   It lets you turn invisible.
 N - the amulet "Ravaedux" {Spirit Int+3 Dex+2 SInv}
   (You found it in the Dungeon)

   [amulet of guardian spirit]

   It causes incoming damage to be split between your health and magic.
   It affects your intelligence (+3).
   It affects your dexterity (+2).
   It lets you see invisible.
 R - the ring "Navekuroimp" {rC+ rCorr}
   (You found it in the Dungeon)

   [ring of resist corrosion]

   It protects you from cold.
   It provides partial protection from all sources of acid and corrosion.
 U - the ring "Ziobaclu" {rN+ Str+2 Int+2 Slay+2}
   (You found it in the Dungeon)

   [ring of positive energy]

   It affects your strength (+2).
   It affects your intelligence (+2).
   It affects your accuracy and damage with ranged weapons and melee attacks
   (+2).
   It protects you from negative energy.
 W - the ring "Usaehav" {MR+ Str-2 Int+3}
   (You found it in the Dungeon)

   [ring of protection from magic]

   It affects your strength (-2).
   It affects your intelligence (+3).
   It affects your resistance to hostile enchantments.
 X - the ring "Ledghuor" {rElec rC++ EV+6 Dex-4 Slay+3}
   (You found it in the Dungeon)

   [ring of evasion]

   It affects your evasion (+6).
   It affects your dexterity (-4).
   It affects your accuracy and damage with ranged weapons and melee attacks
   (+3).
   It greatly protects you from cold.
   It insulates you from electricity.
 Y - the ring "Fogin" {rN++ MR+}
   (You found it in the Dungeon)

   [ring of protection from magic]

   It greatly protects you from negative energy.
   It affects your resistance to hostile enchantments.
 Z - the ring "Ohastruju" {rN+ Str+6 Dex-4}
   (You found it in the Dungeon)

   [ring of positive energy]

   It affects your strength (+6).
   It affects your dexterity (-4).
   It protects you from negative energy.
Wands
 M - a wand of iceblast (12)
Scrolls
 h - 5 scrolls of blinking
 j - 8 scrolls of remove curse
 t - 5 scrolls of fear
 v - 5 scrolls of identify
 w - 3 scrolls of fog
 y - 2 scrolls of amnesia
Potions
 c - 9 potions of curing
 d - 14 potions of heal wounds
 e - 8 potions of haste
 f - 3 potions of magic
 g - 4 potions of berserk rage
 i - 2 potions of invisibility
 q - 6 potions of agility
 s - 7 potions of mutation
 u - 3 potions of resistance
 E - 2 potions of might
 H - 4 potions of brilliance
Miscellaneous
 n - 2 phantom mirrors
 x - a lightning rod (4/4)
 A - a lamp of fire
 L - a fan of gales
Comestibles
 b - 3 rations


   Skills:
 O Level 27 Fighting
 + Level 23.7 Armour
 + Level 23.8 Dodging
 + Level 13.4 Stealth
 + Level 23.2 Shields
 + Level 25.3 Unarmed Combat
 O Level 27 Invocations
 - Level 7.2 Evocations


You had 18 spell levels left.
You didn't know any spells.
Your spell library was empty.

Dungeon Overview and Level Annotations

Branches:
Dungeon (1/1)

Altars:
Ashenzari
Cheibriados
Dithmenos
Elyvilon
Fedhas
Gozag
Hepliaklqana
Kikubaaqudgha
Makhleb
Nemelex Xobeh
Okawaru
Qazlal
Ru
Sif Muna
Trog
Uskayaw
Vehumet
Wu Jian
Xom
Yredelemnul
Zin
The Shining One
Beogh
Jiyva
Lugonu


Innate Abilities, Weirdness & Mutations

You have very sharp fingernails.
You are mostly covered in molten scales. (AC +3)
Your flesh is heat resistant. (rF+)
Your demonic aura causes spilled blood to erupt in flames.
You are powered by pain.
You are immune to clouds of flame.
Your spells are a little easier to cast, but a little less powerful.


Message History

You convulse.
The angel hits you but does no damage.
The angel hits your oklob plant with a +2 whip of holy wrath!!
The angel hits your oklob plant but does no damage.
Your ballistomycete spore explodes!
The explosion of spores engulfs your ballistomycete spore!!!
Your ballistomycete spore explodes!
The explosion of spores engulfs you!!!
You are confused.
* * * LOW HITPOINT WARNING * * *
You focus on the pain.
You feel agile all of a sudden.
The explosion of spores engulfs the angel!!!
You kill the angel!
Fedhas accepts your kill. Fedhas protects your plant from harm.
Your oklob plant spits acid at the angel.
The splash of acid hits the angel!
The angel is splashed with acid.
The daeva calls down the wrath of the Shining One upon you.
The Shining One smites you!
You die...
Fedhas appreciates your contribution to the ecosystem.

##### ########## ###### ......#
##........## #.})). .......##
##.....☼..A.## #..)|.
###.....###.....@A..)..#####)..A.
..###....#.........).A))..##.)}A.
....##.P.#.........P)))))(#...###
.....##..#.*....*.P..()A)))...)..
..........P....(.()..)))##(......
...........P....(..).)))#########
..........P..).......)).#
.....##.P#....P....)).).#
....##.P)#.......)..)...#


You could see 3 daevas, an angel, 3 friendly oklob plants, 3 friendly
ballistomycetes and 2 friendly ballistomycete spores.

Vanquished Creatures
  An oklob plant (D)
  Frederick (D)
  A Killer Klown (D)
  Jory (D)
  A pearl dragon (D)
  A bone dragon (D)
  A Tzitzimitl (D)
  A tentacled monstrosity (D)
  2 pandemonium lords (D)
  An Ice Fiend (D)
  6 Orb Guardians (D)
  A deep elf blademaster (D)
  A sphinx (D)
  An acid blob (D)
  A deep elf master archer (D)
  7 daevas (D)
  A fire giant (D)
  A nagaraja (D)
  4 deep elf sorcerers (D)
  8 orc warlords (D)
  A cacodemon (D)
  A draconian knight (D)
  2 balrugs (D)
  3 ghost moths (D)
  An iron dragon (D)
  9 angels (D)
  A ghoul (D)
  A draconian annihilator (D)
  2 reapers (D)
  2 ophanim (D)
  A deep elf demonologist (D)
  2 dire elephants (D)
  A green draconian (D)
  2 yellow draconians (D)
  A deep elf annihilator (D)
  A death ooze (D)
  A fire dragon (D)
  A deep elf high priest (D)
  An ice dragon (D)
  A vault guard (D)
  2 naga warriors (D)
  A catoblepas (D)
  A death knight (D)
  An iron elemental (D)
  3 hell hogs (D)
  3 orc high priests (D)
  A deep troll earth mage (D)
  3 vampire magi (D)
  2 spriggan berserkers (D)
  3 deep elf knights (D)
  A sun demon (D)
  2 iron trolls (D)
  3 soul eaters (D)
  A flayed ghost (D)
  5 cherubim (D)
  2 deep trolls (D)
  5 hell knights (D)
  A skeletal warrior (D)
  An unseen horror (D)
  A phantasmal warrior (D)
  2 necromancers (D)
  9 orc knights (D)
  2 orc sorcerers (D)
  7 harpies (D)
  A deep elf mage (D)
  A wolf spider (D)
  An ugly thing (D)
  A black mamba (D)
  2 naga magi (D)
  A rust devil (D)
  A smoke demon (D)
  A rime drake (D)
  2 yaktaurs (D)
  5 kobold demonologists (D)
  2 freezing wraiths (D)
  2 hellwings (D)
  A troll (D)
  2 snapping turtles (D)
  3 dream sheep (D)
  An air elemental (D)
  2 redbacks (D)
  A tarantella (D)
  A fire bat (D)
  A basilisk (D)
  A large abomination (D)
  A porcupine (D)
  2 floating eyes (D)
  2 necrophages (D)
  9 orc warriors (D)
  4 wolves (D)
  A centaur (D)
  2 crocodiles (D)
  2 big kobolds (D)
  A small abomination (D)
  A bullfrog (D)
  A gnoll sergeant (D)
  2 killer bees (D)
  2 crimson imps (D)
  2 orc priests (D)
  An iron imp (D)
  3 orc wizards (D)
  An iguana (D)
  A mummy (D)
  5 gnolls (D)
  A river rat (D)
  A white imp (D)
  An ufetubus (D)
  An adder skeleton (D)
  2 adder zombies (D)
  A leopard gecko (D)
  An orc (D)
  A ball python (D)
  A bat skeleton (D)
  A bat zombie (D)
  2 hobgoblins (D)
  A jackal simulacrum (D)
  4 kobolds (D)
  A leopard gecko simulacrum (D)
  A rat (D)
  111 ballistomycete spores (D)
346 creatures vanquished.

Vanquished Creatures (collateral kills)
  3 orbs of fire (D)
  2 ancient liches (D)
  Boris (D)
  Xtahua (D)
  2 curse toes (D)
  Nikola (D)
  2 profane servitors (D)
  A pearl dragon (D)
  A pandemonium lord (D)
  A bone dragon (D)
  2 Brimstone Fiends (D)
  A Tzitzimitl (D)
  4 Ice Fiends (D)
  2 hellephants (D)
  20 Orb Guardians (D)
  3 titans (D)
  2 Hell Sentinels (D)
  Murray (D)
  3 sphinxes (D)
  A death cob (D)
  A storm dragon (D)
  A shadow dragon (D)
  14 daevas (D)
  A deep elf sorcerer (D)
  2 frost giants (D)
  3 balrugs (D)
  12 orc warlords (D)
  15 angels (D)
  A ghost moth (D)
  A ghoul (D)
  An emperor scorpion (D)
  A draconian stormcaller (D)
  A draconian annihilator (D)
  A deep elf annihilator (D)
  A deep elf demonologist (D)
  A dire elephant (D)
  6 red draconians (D)
  2 black draconians (D)
  A deep elf death mage (D)
  A green death (D)
  4 fire dragons (D)
  A great orb of eyes (D)
  2 deep elf high priests (D)
  2 ice dragons (D)
  3 yaktaur captains (D)
  Erolcha (D)
  A naga warrior (D)
  A vault guard (D)
  A catoblepas (D)
  2 spriggan air magi (D)
  A hydra (D)
  A hell beast (D)
  A merfolk avatar (D)
  2 two-headed ogres (D)
  An alligator (D)
  3 deep troll shamans (D)
  A deep troll earth mage (D)
  6 hell hogs (D)
  3 orc high priests (D)
  A vampire mage (D)
  4 hell knights (D)
  A soul eater (D)
  A sun demon (D)
  2 skeletal warriors (D)
  2 deep trolls (D)
  15 cherubim (D)
  A spriggan druid (D)
  2 necromancers (D)
  21 orc knights (D)
  2 harpies (D)
  A wolf spider (D)
  2 deep elf magi (D)
  An ugly thing (D)
  3 orc sorcerers (D)
  A cyclops (D)
  A manticore (D)
  A guardian serpent (D)
  An eye of devastation (D)
  A naga mage (D)
  A smoke demon (D)
  An orange demon (D)
  A hellion (D)
  6 yaktaurs (D)
  A tormentor (D)
  An efreet (D)
  3 red devils (D)
  2 ice devils (D)
  A polar bear (shapeshifter) (D)
  2 hornets (D)
  2 dream sheep (D)
  A wyvern (D)
  A fire bat (shapeshifter) (D)
  3 redbacks (D)
  A spriggan (D)
  A basilisk (D)
  Eustachio (D)
  An acid dragon (D)
  A floating eye (D)
  An ice beast (D)
  A black bear (D)
  9 orc warriors (D)
  A wolf (D)
  A centaur (D)
  A crocodile (D)
  An earth elemental (D)
  3 killer bees (D)
  4 orc priests (D)
  2 orc wizards (D)
  An adder simulacrum (D)
  5 orcs (D)
  A bat zombie (D)
  A frilled lizard (D)
  216 ballistomycete spores (D)
501 creatures vanquished.

Vanquished Creatures (others)
  7 burning bushes (D)
  3 oklob saplings (D)
  10 oklob plants (D)
  7 ballistomycetes (D)
  A war gargoyle (D)
  A yellow draconian (D)
  A big kobold (D)
  5 wandering mushrooms (D)
  34 ballistomycete spores (D)
69 creatures vanquished.

Grand Total: 916 creatures vanquished

Notes
Turn   | Place    | Note
-------+----------+-------------------------------------------
     0 | D        | schets the Demonspawn Monk began the quest for the Orb.
     0 | D        | Reached XP level 1. HP: 18/18 MP: 1/1
    15 | D        | Reached skill level 1 in Armour
    15 | D        | Gained mutation: You are partially covered in molten
                  | scales. (AC +2) [demonic ancestry]
    15 | D        | Reached XP level 2. HP: 25/25 MP: 2/2
    19 | D        | Found a bloodstained altar of Trog.
    19 | D        | Found a shimmering blue altar of Sif Muna.
    19 | D        | Found a viscous altar of Jiyva.
    19 | D        | Found a hazy altar of Hepliaklqana.
    19 | D        | Found an opulent altar of Gozag.
    20 | D        | Found a glowing golden altar of the Shining One.
    20 | D        | Found a glowing silver altar of Zin.
    20 | D        | Found a basalt altar of Yredelemnul.
    20 | D        | Found a shimmering altar of Xom.
    20 | D        | Found an ornate altar of the Wu Jian Council.
    20 | D        | Found a sacrificial altar of Ru.
    20 | D        | Found a stormy altar of Qazlal.
    20 | D        | Found an iron altar of Okawaru.
    20 | D        | Found a sparkling altar of Nemelex Xobeh.
    20 | D        | Found a burning altar of Makhleb.
    20 | D        | Found a blossoming altar of Fedhas.
    20 | D        | Found a white marble altar of Elyvilon.
    20 | D        | Found a shadowy altar of Dithmenos.
    20 | D        | Found a snail-covered altar of Cheibriados.
    23 | D        | Found a roughly hewn altar of Beogh.
    23 | D        | Found a corrupted altar of Lugonu.
    23 | D        | Found a radiant altar of Vehumet.
    24 | D        | Found a shattered altar of Ashenzari.
    24 | D        | Found an ancient bone altar of Kikubaaqudgha.
    24 | D        | Found a hide-covered altar of Uskayaw.
    27 | D        | Became a worshipper of Fedhas Madash
    27 | D        | Reached * piety under Fedhas
    27 | D        | Reached ** piety under Fedhas
   106 | D        | Reached skill level 1 in Invocations
   260 | D        | Reached *** piety under Fedhas
   701 | D        | Reached **** piety under Fedhas
   701 | D        | Reached XP level 3. HP: 4/31 MP: 4/4
  1116 | D        | Noticed a wolf
  1116 | D        | Noticed an orc warrior
  1116 | D        | Noticed a centaur
  1156 | D        | Reached skill level 5 in Fighting
  1156 | D        | Gained mutation: You have sharp fingernails. [demonic
                  | ancestry]
  1156 | D        | Reached XP level 4. HP: 20/39 MP: 1/7
  1156 | D        | Killed a centaur
  1156 | D        | Reached skill level 5 in Unarmed Combat
  1156 | D        | Reached skill level 5 in Invocations
  1156 | D        | Gained mutation: You sometimes gain a little power by
                  | taking damage. [demonic ancestry]
  1156 | D        | Reached XP level 5. HP: 24/46 MP: 1/9
  1165 | D        | Killed a wolf
  1433 | D        | Killed an orc warrior
  1433 | D        | Reached skill level 5 in Dodging
  1433 | D        | Gained mutation: You have very sharp fingernails. [demonic
                  | ancestry]
  1433 | D        | Reached XP level 6. HP: 45/55 MP: 7/12
  1452 | D        | Reached ***** piety under Fedhas
  1504 | D        | Noticed a fire bat
  1518 | D        | Killed a fire bat
  1661 | D        | Reached XP level 7. HP: 55/62 MP: 12/14
  1772 | D        | Noticed an efreet
  1778 | D        | Reached skill level 5 in Armour
  1778 | D        | Reached skill level 10 in Invocations
  1787 | D        | Killed an efreet
  1962 | D        | Gained mutation: You sometimes gain power by taking damage.
                  | [demonic ancestry]
  1962 | D        | Reached XP level 8. HP: 70/71 MP: 16/16
  1963 | D        | Reached ****** piety under Fedhas
  2062 | D        | Noticed a rime drake
  2062 | D        | Noticed a snapping turtle
  2080 | D        | Killed a rime drake
  2080 | D        | Reached skill level 10 in Fighting
  2090 | D        | Killed a snapping turtle
  2400 | D        | Noticed a kobold demonologist
  2409 | D        | Noticed an ice devil
  2416 | D        | Killed a kobold demonologist
  2512 | D        | Reached skill level 10 in Unarmed Combat
  2512 | D        | Gained mutation: Your flesh is heat resistant. (rF+)
                  | [demonic ancestry]
  2512 | D        | Reached XP level 9. HP: 60/79 MP: 18/18
  3154 | D        | Noticed a black mamba
  3182 | D        | Killed a black mamba
  3388 | D        | Noticed a deep troll
  3393 | D        | Killed a deep troll
  3591 | D        | Noticed a two-headed ogre
  3591 | D        | Noticed Erolcha
  3594 | D        | Noticed a polar bear
  3594 | D        | a spriggan changed into a polar bear
  3596 | D        | Paralysed by a floating eye for 4 turns
  3603 | D        | Killed a polar bear
  3604 | D        | Killed a two-headed ogre
  3617 | D        | Killed Erolcha
  3617 | D        | Gained mutation: You are immune to clouds of flame.
                  | [demonic ancestry]
  3617 | D        | Reached XP level 10. HP: 73/89 MP: 11/20
  3752 | D        | Reached skill level 15 in Invocations
  3768 | D        | Noticed a two-headed ogre
  3771 | D        | Killed a two-headed ogre
  3833 | D        | Noticed a flayed ghost
  3833 | D        | Noticed a phantasmal warrior
  3865 | D        | Killed a phantasmal warrior
  3869 | D        | Killed a flayed ghost
  4041 | D        | Noticed a deep elf mage
  4054 | D        | Killed a deep elf mage
  4322 | D        | Noticed a cyclops
  4322 | D        | Reached skill level 1 in Evocations
  4331 | D        | Killed a cyclops
  4331 | D        | Gained mutation: Your demonic aura causes spilled blood to
                  | erupt in flames. [demonic ancestry]
  4331 | D        | Reached XP level 11. HP: 98/98 MP: 18/23
  4533 | D        | Noticed an orc sorcerer
  4548 | D        | Killed an orc sorcerer
  4925 | D        | Noticed an orc high priest
  4929 | D        | Killed an orc high priest
  5174 | D        | Noticed a deep elf mage
  5174 | D        | Noticed a death cob
  5176 | D        | Killed a death cob
  5177 | D        | Killed a deep elf mage
  5186 | D        | Noticed an orc knight
  5186 | D        | Noticed an orc knight
  5186 | D        | Noticed an orc knight
  5186 | D        | Noticed an orc knight
  5186 | D        | Noticed an orc knight
  5186 | D        | Noticed an orc warlord
  5187 | D        | Noticed an orc warlord
  5187 | D        | Noticed a skeletal warrior
  5188 | D        | Noticed an orc knight
  5189 | D        | Killed an orc knight
  5190 | D        | Killed a skeletal warrior
  5190 | D        | Noticed an orc knight
  5192 | D        | Killed an orc knight
  5192 | D        | Noticed a skeletal warrior
  5193 | D        | Noticed an orc knight
  5193 | D        | Killed an orc knight
  5194 | D        | Noticed a harpy
  5194 | D        | Noticed a skeletal warrior
  5198 | D        | Killed an orc warlord
  5198 | D        | Reached skill level 10 in Dodging
  5199 | D        | Killed an orc knight
  5200 | D        | Noticed a harpy
  5209 | D        | Killed a harpy
  5209 | D        | Killed a harpy
  5209 | D        | Reached skill level 5 in Evocations
  5232 | D        | Killed an orc knight
  5236 | D        | Killed a yaktaur captain
  5239 | D        | Killed an orc knight
  5239 | D        | Reached skill level 15 in Fighting
  5240 | D        | Killed an orc knight
  5242 | D        | Killed a skeletal warrior
  5242 | D        | Reached skill level 10 in Armour
  5242 | D        | Reached XP level 12. HP: 45/109 MP: 7/25
  5253 | D        | Killed an orc warlord
  5392 | D        | Killed a balrug
  5608 | D        | Noticed a vault guard
  5631 | D        | Killed a vault guard
  5857 | D        | Noticed a naga warrior
  5890 | D        | Killed a naga warrior
  6023 | D        | Noticed a naga warrior
  6033 | D        | Noticed a yaktaur captain
  6035 | D        | Killed a naga warrior
  6038 | D        | Killed a yaktaur captain
  6045 | D        | Noticed a vault guard
  6045 | D        | Killed a vault guard
  6175 | D        | Noticed a naga warrior
  6185 | D        | Killed a naga warrior
  6185 | D        | Reached skill level 15 in Unarmed Combat
  6402 | D        | Noticed a bone dragon
  6403 | D        | Noticed a yellow draconian
  6412 | D        | Killed a yellow draconian
  6421 | D        | Killed a bone dragon
  6652 | D        | Identified the +1 halberd "Henwoat" {distort, *Rage rC+ MR+
                  | MP+9}
  6659 | D        | Reached XP level 13. HP: 76/119 MP: 13/27
  6669 | D        | Reached skill level 5 in Shields
  6682 | D        | Identified the cursed +2 broad axe of a bailey {chop, +Inv
                  | rElec rF- rC-}
  6682 | D        | Noticed a nagaraja
  6684 | D        | Killed a nagaraja
  6697 | D        | Noticed Eustachio
  6698 | D        | Killed Eustachio
  7232 | D        | Noticed an emperor scorpion
  7236 | D        | Killed an emperor scorpion
  7574 | D        | Noticed a sphinx
  7575 | D        | Noticed a black draconian
  7576 | D        | Noticed a ghost moth
  7576 | D        | Noticed a deep elf sorcerer
  7588 | D        | Killed a sphinx
  7591 | D        | Killed a deep elf sorcerer
  7613 | D        | Killed a ghost moth
  7844 | D        | Noticed an ophan
  7857 | D        | Killed an ophan
  7976 | D        | Killed a black draconian
  8238 | D        | Noticed a sphinx
  8240 | D        | Noticed a red draconian
  8258 | D        | Killed a red draconian
  8263 | D        | Killed a sphinx
  8263 | D        | Reached skill level 10 in Shields
  8422 | D        | Reached XP level 14. HP: 131/131 MP: 28/28
  8541 | D        | Noticed a war gargoyle
  8552 | D        | Killed a war gargoyle
  8681 | D        | Noticed a ghoul
  8683 | D        | Noticed a fire giant
  8704 | D        | Killed a fire giant
  9002 | D        | Killed a ghoul
  9080 | D        | Noticed a deep elf sorcerer
  9080 | D        | Noticed a ghoul
  9093 | D        | Killed a ghoul
  9097 | D        | Noticed a balrug
  9101 | D        | Killed a deep elf sorcerer
  9121 | D        | Killed a balrug
  9673 | D        | Found the +10 dark maul {crush}
  9853 | D        | Noticed an orc warlord
  9853 | D        | Noticed an orc warlord
  9853 | D        | Noticed an orc warlord
  9853 | D        | Noticed an orc warlord
  9853 | D        | Noticed an orc warlord
  9853 | D        | Noticed an orc warlord
  9853 | D        | Noticed an orc warlord
  9853 | D        | Noticed an orc warlord
  9853 | D        | Noticed an orc warlord
  9853 | D        | Noticed an orc warlord
  9853 | D        | Noticed an orc warlord
  9853 | D        | Noticed an orc warlord
  9853 | D        | Noticed an orc warlord
  9854 | D        | Noticed an orc warlord
  9855 | D        | Noticed an orc warlord
  9856 | D        | Noticed an orc warlord
  9857 | D        | Killed an orc warlord
  9859 | D        | Killed an orc warlord
  9861 | D        | Killed an orc warlord
  9864 | D        | Killed an orc warlord
  9866 | D        | Killed an orc warlord
  9870 | D        | Killed an orc warlord
  9873 | D        | Killed an orc warlord
  9875 | D        | Killed an orc warlord
  9879 | D        | Killed an orc warlord
  9883 | D        | Killed an orc warlord
  9892 | D        | Killed an orc warlord
  9897 | D        | Killed an orc warlord
  9898 | D        | Killed an orc warlord
  9905 | D        | Noticed an orc warlord
  9908 | D        | Killed an orc warlord
  9910 | D        | Killed an orc warlord
  9910 | D        | Killed an orc warlord
  9910 | D        | Reached XP level 15. HP: 103/143 MP: 24/30
  9914 | D        | Killed an orc warlord
 10054 | D        | Got a silver rune of Zot
 10204 | D        | Noticed a sphinx
 10212 | D        | HP: 7/144 [something[the player character] (51)]
 10212 | D        | Killed a sphinx
 10212 | D        | Reached skill level 15 in Dodging
 10558 | D        | Noticed a deep elf sorcerer
 10559 | D        | Noticed a sphinx
 10572 | D        | Killed a deep elf sorcerer
 10692 | D        | Killed a sphinx
 10692 | D        | Reached skill level 15 in Armour
 10728 | D        | Noticed a deep elf sorcerer
 10763 | D        | Killed a deep elf sorcerer
 11082 | D        | Got the amulet of the Manifold Stories {Spirit +Inv Dex+4}
 11084 | D        | Got the amulet "Ravaedux" {Spirit Int+3 Dex+2 SInv}
 11095 | D        | Noticed a deep elf sorcerer
 11101 | D        | Killed a deep elf sorcerer
 11253 | D        | Got the amulet of Guazung {Spirit rPois Str+7 Int-5 SInv}
 11255 | D        | Got the ring "Ogass" {Dex-3 Slay+5 Stlth+}
 11257 | D        | Got the ring "Gaukiacia" {rC+ Slay+5}
 11259 | D        | Got the ring of the Centipede {MR- Str+5 Slay+5}
 11262 | D        | Got the amulet "Keulyfi" {Harm *Drain rElec MP+9}
 11264 | D        | Got the amulet "Qubliol" {Reflect Str-2 Dex+6 SH+5}
 11266 | D        | Got the ring of Lyjurum {+Fly MR+ MP+9 Dex+2}
 11268 | D        | Got the amulet "Ysmeu" {Faith Str+4}
 11270 | D        | Got the ring of Untruth {Dex+3 Slay+5}
 11272 | D        | Got the amulet "Siupaas" {Spirit rElec Str+4 Dex-3}
 11274 | D        | Got the ring "Navekuroimp" {rC+ rCorr}
 11276 | D        | Got the ring of the Firefly {+Fly rF+ rC- SInv}
 11299 | D        | Got the ring of Goum Zoq {Ice rElec rN+++ Str-2 Int-5}
 11301 | D        | Got the ring of Maq Muni {Ice +Inv rN+++ Str-2 Int-3}
 11303 | D        | Got the ring of the Past {rF+ rC+ MR+ Str+6 Int+2}
 11305 | D        | Got the ring of Pied {Fire Str+3 Int+4 Dex+4}
 11307 | D        | Got the ring "Coxa" {+Inv MR+ Str-3 Dex+6}
 11310 | D        | Got the ring "Sodinutt" {+Fly Int+6 Dex+2}
 11312 | D        | Got the ring "Fuevogg" {Wiz rC+ Dex+6 Stlth-}
 11314 | D        | Got the ring "Vegezan" {-Tele AC+6 Str+6 Dex-4 Stlth+}
 11316 | D        | Got the ring "Ziobaclu" {rN+ Str+2 Int+2 Slay+2}
 11318 | D        | Got the ring of Otwyitre {Wiz MR+}
 11320 | D        | Got the ring "Usaehav" {MR+ Str-2 Int+3}
 11322 | D        | Got the ring "Ledghuor" {rElec rC++ EV+6 Dex-4 Slay+3}
 11327 | D        | Got the ring of Past Mistakes {Str+6 Int+3}
 11426 | D        | Noticed an acid blob
 11426 | D        | Noticed Ittis the pandemonium lord
 11445 | D        | Killed an acid blob
 11452 | D        | Killed Ittis the pandemonium lord
 11457 | D        | Noticed an ancient lich
 11458 | D        | Killed an ancient lich
 11462 | D        | Killed a ghost moth
 11470 | D        | Noticed an iron dragon
 11471 | D        | Killed an iron dragon
 11720 | D        | Noticed an Orb Guardian
 11720 | D        | Noticed an Orb Guardian
 11720 | D        | Noticed an Orb Guardian
 11720 | D        | Noticed an Orb Guardian
 11722 | D        | Killed an Orb Guardian
 11722 | D        | Reached skill level 15 in Shields
 11722 | D        | Killed an Orb Guardian
 11722 | D        | Gained mutation: You are powered by pain. [demonic
                  | ancestry]
 11722 | D        | Reached XP level 16. HP: 113/157 MP: 7/32
 11726 | D        | Killed an Orb Guardian
 11729 | D        | Killed an Orb Guardian
 11739 | D        | Noticed a curse toe
 11741 | D        | Noticed a profane servitor
 11748 | D        | Killed a curse toe
 11749 | D        | Killed a profane servitor
 11764 | D        | Killed Hodil the pandemonium lord
 11775 | D        | Noticed an Orb Guardian
 11777 | D        | Noticed an Orb Guardian
 11781 | D        | Killed an Orb Guardian
 11782 | D        | Noticed a Brimstone Fiend
 11785 | D        | Killed an Orb Guardian
 11787 | D        | Killed a Brimstone Fiend
 11800 | D        | Noticed a titan
 11801 | D        | Noticed Xtahua
 11801 | D        | Killed a titan
 11810 | D        | Killed Xtahua
 11812 | D        | Noticed an Orb Guardian
 11814 | D        | Killed an Orb Guardian
 12015 | D        | Noticed a profane servitor
 12026 | D        | Killed a profane servitor
 12116 | D        | Noticed a Tzitzimitl
 12116 | D        | Killed a Tzitzimitl
 12124 | D        | Noticed a hellephant
 12127 | D        | Noticed an Orb Guardian
 12128 | D        | Killed a hellephant
 12131 | D        | Noticed an Orb Guardian
 12132 | D        | Noticed Murray
 12134 | D        | Noticed an orb of fire
 12134 | D        | Gained mutation: Your spells are a little easier to cast,
                  | but a little less powerful. [an orb of fire]
 12134 | D        | Killed an Orb Guardian
 12136 | D        | Noticed an Orb Guardian
 12137 | D        | Killed an Orb Guardian
 12140 | D        | Killed an orb of fire
 12141 | D        | Noticed an Orb Guardian
 12142 | D        | Killed an Orb Guardian
 12143 | D        | Killed an Orb Guardian
 12147 | D        | Noticed a hellephant
 12150 | D        | Killed Murray
 12154 | D        | Killed a hellephant
 12156 | D        | Noticed an Orb Guardian
 12158 | D        | Killed an Orb Guardian
 12181 | D        | Noticed an Orb Guardian
 12183 | D        | Killed an Orb Guardian
 12537 | D        | Noticed a pearl dragon
 12559 | D        | Killed a pearl dragon
 12559 | D        | Reached XP level 17. HP: 145/171 MP: 34/34
 12685 | D        | Noticed an Ice Fiend
 12690 | D        | Killed an Ice Fiend
 12692 | D        | Noticed an Orb Guardian
 12693 | D        | Noticed an Orb Guardian
 12694 | D        | Noticed an orb of fire
 12697 | D        | Killed an Orb Guardian
 12700 | D        | Noticed an Orb Guardian
 12701 | D        | Killed an orb of fire
 12703 | D        | Killed an Orb Guardian
 12704 | D        | Killed an Orb Guardian
 12710 | D        | Killed an Orb Guardian
 12988 | D        | Noticed an ancient lich
 12988 | D        | Noticed an Orb Guardian
 12988 | D        | Noticed an Orb Guardian
 12988 | D        | Noticed an Orb Guardian
 12988 | D        | Noticed an Orb Guardian
 12988 | D        | Noticed an Orb Guardian
 12988 | D        | Noticed an Ice Fiend
 12988 | D        | Noticed an Ice Fiend
 12988 | D        | Noticed an orb of fire
 12988 | D        | Noticed an Orb Guardian
 12988 | D        | Noticed an Orb Guardian
 12989 | D        | Noticed an Orb Guardian
 12989 | D        | Noticed an Ice Fiend
 12997 | D        | Killed an Orb Guardian
 12997 | D        | Killed an Orb Guardian
 12998 | D        | Killed an Orb Guardian
 12999 | D        | Killed an Orb Guardian
 13000 | D        | Killed an Orb Guardian
 13001 | D        | Killed an Orb Guardian
 13007 | D        | Killed an Ice Fiend
 13009 | D        | Killed an Ice Fiend
 13009 | D        | Reached skill level 27 in Invocations
 13039 | D        | Killed an Ice Fiend
 13055 | D        | Noticed an Ice Fiend
 13056 | D        | Killed an Ice Fiend
 13061 | D        | Killed a titan
 13065 | D        | Noticed a Hell Sentinel
 13065 | D        | Killed a Hell Sentinel
 13140 | D        | Killed an orb of fire
 13147 | D        | Killed an ancient lich
 13147 | D        | Reached skill level 27 in Fighting
 13149 | D        | Killed Jory
 13238 | D        | Killed a Brimstone Fiend
 13570 | D        | Killed an Orb Guardian
 13579 | D        | Killed an Orb Guardian
 13584 | D        | Noticed an Orb Guardian
 13592 | D        | Killed an Orb Guardian
 13699 | D        | Noticed a deep elf blademaster
 13700 | D        | Killed a deep elf blademaster
 13724 | D        | Noticed a Hell Sentinel
 13740 | D        | Killed a Hell Sentinel
 13887 | D        | Noticed a curse toe
 13887 | D        | Noticed a titan
 13890 | D        | Noticed a Brimstone Fiend
 13903 | D        | Killed a titan
 13908 | D        | Killed a curse toe
 13939 | D        | Noticed Boris
 13958 | D        | Killed Boris
 13977 | D        | Noticed a tentacled monstrosity
 13978 | D        | Noticed a deep elf master archer
 13999 | D        | Gained mutation: You are mostly covered in molten scales.
                  | (AC +3) [demonic ancestry]
 13999 | D        | Reached XP level 18. HP: 143/182 MP: 26/35
 14000 | D        | Killed a tentacled monstrosity
 14273 | D        | Paralysed by a floating eye for 3 turns
 14287 | D        | Paralysed by a floating eye for 3 turns
 14302 | D        | Noticed Erik Paa the pandemonium lord
 14309 | D        | Killed Erik Paa the pandemonium lord
 14406 | D        | Noticed Frederick
 14424 | D        | Killed Frederick
 14445 | D        | Noticed a bone dragon
 14446 | D        | Killed a bone dragon
 14482 | D        | Noticed a Tzitzimitl
 14531 | D        | Killed a Tzitzimitl
 14566 | D        | Noticed Nikola
 14593 | D        | Killed Nikola
 14597 | D        | Killed a Killer Klown
 14597 | D        | Reached skill level 5 in Stealth
 14858 | D        | Got the amulet "Oshunga" {Reflect rC- MR+ SH+5 Stlth+}
 14860 | D        | Got the amulet "Geila" {Gourm rElec MP+9 Str-4 Dex+4}
 14862 | D        | Got the ring "Fogin" {rN++ MR+}
 14864 | D        | Got the ring "Ohastruju" {rN+ Str+6 Dex-4}
 14882 | D        | Got the ring "Rofeaf" {rC+ Dex+3 Slay+3 Stlth+}
 14885 | D        | Got the amulet of Jealousy {Faith rF- Str+4 SInv}
 14888 | D        | Got the amulet of Ziyroihoo {Acrobat rElec rF+ Int-3}
 14891 | D        | Got the ring "Zeng" {MR+ Dex+2}
 15060 | D        | Identified the +7 falchion of the Shark {holy, rF+ Str+4
                  | Int-4}
 15069 | D        | Reached skill level 10 in Stealth
 15121 | D        | Identified the +5 large shield of Fyjyux {rC+}
 15147 | D        | Identified the +8 quarterstaff "Coluom" {flame, rPois Int+4
                  | Stlth+}
 15184 | D        | Reached XP level 19. HP: 117/189 MP: 36/36
 15196 | D        | Identified the +5 scale mail of the City {rF+ SInv Stlth+}
 15221 | D        | Noticed a pearl dragon
 15225 | D        | Killed a pearl dragon
 15597 | D        | Killed from afar by a daeva

Levels and vault maps discovered:
D:        pitsprint [storerooms_1, entrance_room_1, metal_vault_6, armoury_1,
          mini_pit_1, grid_room_1, main_hall_1, silver_pit, the_coven_1,
          the_vestibule_1, steel_vault_5, golden_pit, hallway_of_sentries,
          crystal_vault_4, iron_vault_2, final_vault]

Skill      XL: |  1  2  3  4  5  6  7  8  9 10 11 12 13 14 15 16 17 18 19 |
---------------+----------------------------------------------------------+-----
Armour         | 1 2 3 4 5 6 7 8 10 11 12 14 16 18 20 23 | 23.7
Dodging        | 3 4 5 6 7 8 9 10 11 12 14 16 18 20 23 | 23.8
Unarmed Combat | 3 4 5 6 7 8 10 11 12 14 15 16 17 18 20 22 24 25 | 25.3
Fighting       | 4 5 6 7 8 9 10 12 13 15 16 18 20 23 25 27 | 27.0
Invocations    | 2 4 5 8 9 11 12 14 16 18 20 21 22 24 26 27 | 27.0
Evocations     | 1 5 7 |  7.2
Shields        | 4 10 13 15 17 20 22 23 | 23.2
Stealth        | 12 13 | 13.4

Action                   |  1- 3 |  4- 6 |  7- 9 | 10-12 | 13-15 | 16-18 | 19-21 || total
-------------------------+-------+-------+-------+-------+-------+-------+-------++-------
Melee: Unarmed           |    51 |    28 |    85 |    95 |    71 |    81 |    13 ||   424
       Punch             |     1 |       |       |     4 |     6 |       |       ||    11
Throw: Stone             |       |       |       |       |     4 |       |       ||     4
Invok: Grow Ballistomyce |     1 |     1 |     5 |    14 |     9 |     7 |       ||    37
       Grow Oklob        |       |       |     3 |    13 |    15 |    12 |       ||    43
       Overgrow          |       |       |       |       |       |     5 |       ||     5
Evoke: Lamp of fire      |       |       |       |     1 |     2 |       |       ||     3
  Use: Potion            |     3 |       |     7 |       |     8 |     6 |       ||    24
 Stab: Sleeping          |     3 |       |       |       |       |       |       ||     3
       Confused          |       |       |     1 |     1 |     1 |     3 |       ||     6
       Distracted        |       |       |       |     1 |       |     1 |       ||     2
  Eat: Chunk             |       |     1 |     2 |     7 |     6 |     3 |       ||    19
       Ration            |       |     1 |     1 |     2 |     4 |     4 |       ||    12
Armor: Robe              |    11 |       |       |       |       |       |       ||    11
       Plate armour      |    10 |    20 |    83 |    71 |   120 |       |       ||   304
       Gold dragon scale |       |       |       |       |    23 |    23 |     9 ||    55
Dodge: Dodged            |    21 |    13 |    50 |    59 |    53 |    18 |     5 ||   219
       Deflected         |       |       |       |       |     2 |     4 |     1 ||     7
Block: Large shield      |       |       |       |       |    26 |    61 |    33 ||   120
       Reflection        |       |       |       |       |       |    15 |     3 ||    18

Table legend:
 A = Non-vault XP
 B = Vault XP
 C = Vault XP percentage of total XP
 D = Non-vault monster count
 E = Vault monster count
 F = Vault count percentage of total count
                 A         B        C        D         E       F
            +---------+---------+-------+---------+---------+-------
      Total |     136 |  392069 | 100.0 |       1 |     520 |  99.8
            +---------+---------+-------+---------+---------+-------
          D |     136 |  392069 | 100.0 |       1 |     520 |  99.8
            +---------+---------+-------+---------+---------+-------
